 Dungeon Crawl Stone Soup version 0.27-a0-679-g77a6b55cf3 (webtiles) character file.

Game seed: 2775025531075926758

50 kae the Ruffian (level 3, 0/31 HPs)
             Began as a Naga Transmuter on Mar 18, 2021.
             Succumbed to an adder's poison
             ... on level 1 of the Dungeon.
             The game lasted 00:01:10 (1964 turns).

kae the Ruffian (Naga Transmuter)                   Turns: 1964, Time: 00:01:10

Health: 0/31       AC:  2    Str: 13    XL:     3   Next: 79%
Magic:  6/6        EV: 10    Int: 13    God:
Gold:   90         SH:  0    Dex: 11    Spells: 2/6 levels left

rFire    . . .     SeeInvis +     - Unarmed
rCold    . . .     Faith    .   (no shield)
rNeg     . . .     Spirit   .   a - +0 robe
rPois    +         Reflect  .   (no helmet)
rElec    .         Harm     .   (no cloak)
rCorr    .         Rampage  .   (no gloves)
Will     .....                  (no barding)
Stlth    +.........             d - amulet of the acrobat
HPRegen  0.10/turn              (no ring)
MPRegen  0.10/turn              (no ring)

@: lethally poisoned (0 -> -3), about to teleport, very slow
A: AC +1, large, see invisible, deformed body, poison resistance, slowness 2,
spit poison 1, naga tail 1
a: Spit Poison


You were on level 1 of the Dungeon.
You visited 1 branch of the dungeon, and saw 2 of its levels.

You collected 90 gold pieces.

Inventory:

Armour
 a - a +0 robe (worn)
Jewellery
 d - an amulet of the acrobat (around neck)


   Skills:
 + Level 1.4 Fighting
 + Level 1.8 Dodging
 * Level 3.4 Unarmed Combat
 + Level 2.2 Spellcasting
 * Level 2.8 Transmutations


You had 2 spell levels left.
You knew the following spells:

 Your Spells              Type           Power      Damage    Failure   Level
a - Beastly Appendage     Tmut           16%        N/A       8%          1
b - Spider Form           Tmut/Pois      2%         N/A       38%         3

Your spell library contained the following spells:

 Spells                   Type           Power      Damage    Failure   Level
 Wereblood                Tmut           8%         N/A       12%         2
 Ice Form                 Ice/Tmut       5%         N/A       80%         4
 Blade Hands              Tmut           4%         N/A       91%         5


Dungeon Overview and Level Annotations

Branches:
Dungeon (2/15)

Altars:

Annotations:
D:2 Natasha


Innate Abilities, Weirdness & Mutations

Your serpentine skin is tough. (AC +1)
You have supernaturally acute eyesight. (SInv)
Armour fits poorly on your strangely shaped body.
Your system is resistant to poisons. (rPois)
You cover ground very slowly.
You can spit poison.
You have a snake-like lower body.


Message History

You have got your breath back.
* * * LOW HITPOINT WARNING * * *
You feel sick.
There is a lethal amount of poison in your body!
There is a lethal amount of poison in your body!
There is a lethal amount of poison in your body!
There is a stone staircase leading down here.
You aren't carrying any potions.
You aren't carrying any potions.
Okay, then.
Press: ? - help, Shift-Dir - straight line, f - you
Okay, then.
Your transformation has ended.
Your +0 robe unmelds from your body.
* * * LOW HITPOINT WARNING * * *
You feel sick.
* * * LOW HITPOINT WARNING * * *
You feel sick.
There is a lethal amount of poison in your body!
There is a lethal amount of poison in your body!
* * * LOW HITPOINT WARNING * * *
You feel sick.
There is a lethal amount of poison in your body!
* * * LOW HITPOINT WARNING * * *
You feel sick.
* * * LOW HITPOINT WARNING * * *
You feel sick.
* * * LOW HITPOINT WARNING * * *
You feel sick.
* * * LOW HITPOINT WARNING * * *
You feel sick.
* * * LOW HITPOINT WARNING * * *
You feel sick.
Okay, then.
You aren't carrying any potions.
Unknown command.
As you read the scroll of teleportation, it crumbles to dust.
You feel strangely unstable.
Magic restored.
You die...

#........#
##........###################
#.........'......#..........#
#.........######.#..........#
#..†......##.............†...
##.##########.###.#....).....#
#........# #.# #.#...........
#......#.####.###.###########.
#......#.....@........# #.
#......##########.###.# #.
##'###.###### #.###.## #. #.#
#......# #......# #.
#.########.#########..## ##.
#.............(..###...# #..
##########.####..#...#.####.(
#.# #....#.....##.. ######.#
#.♣♣..###..###.


There were no monsters in sight!

Vanquished Creatures
  2 adders (D:1)
  3 leopard geckos (D:1)
  3 ball pythons (D:1)
  4 giant cockroaches (D:1)
  4 goblins
  2 hobgoblins (D:1)
  A quokka (D:1)
  4 bats
  2 frilled lizards (D:1)
  A kobold (D:1)
  3 rats (D:1)
29 creatures vanquished.

Notes
Turn   | Place    | Note
-------+----------+-------------------------------------------
     0 | D:1      | kae the Naga Transmuter began the quest for the Orb.
     0 | D:1      | Reached XP level 1. HP: 18/18 MP: 3/3
   608 | D:1      | Reached XP level 2. HP: 25/25 MP: 3/5
  1289 | D:1      | Reached XP level 3. HP: 22/31 MP: 4/6
  1303 | D:1      | Learned a level 3 spell: Spider Form
  1824 | D:2      | Noticed Natasha
  1960 | D:1      | HP: 1/31 [poisoned by an adder]
  1964 | D:1      | Succumbed to an adder's poison

Illustrated notes

Levels and vault maps discovered:
D:1:      minmay_arrival_semitransparent, layout_basic, serial_forest,
          infiniplex_forest_straight_2, infiniplex_forest_lined_room_,
          infiniplex_forest_straight_4, infiniplex_forest_end_2,
          infiniplex_forest_clump_small
D:2:      layout_basic, zin_treasury, uniq_natasha

Action                   || total
-------------------------++-------
Melee: Unarmed           ||    56
       Headbutt          ||     8
 Cast: Beastly Appendage ||    16
       Spider Form       ||     1
 Abil: Spit Poison       ||    23
       End Transformatio ||     1
  Use: Scroll            ||     2
Armor: Robe              ||    14
Dodge: Dodged            ||    56

Table legend: (Time is in decaauts)
 A = Elapsed time spent in this place.
 B = Non-inter-level travel time spent in this place.
 C = Inter-level travel time spent in this place.
 D = Time resting spent in this place.
 E = Time spent auto-exploring this place.
 F = Levels seen in this place.
 G = Mean time per level.
                   A        B        C        D        E       F      G
               +--------+--------+--------+--------+--------+-----+--------+
         Total |   2206 |   2127 |     79 |     73 |   1823 |   2 | 1103.0 |
       Dungeon |   2206 |   2127 |     79 |     73 |   1823 |   2 | 1103.0 |
               +--------+--------+--------+--------+--------+-----+--------+

Top non-repeatable levels by time:
     D:1: 2174 daAuts
     D:2: 32 daAuts
